 Dungeon Crawl Stone Soup version 0.25-a0-161-gb7fd73d (webtiles) character file.

Game seed: 11910837740146955224, levelgen mode: deterministic

99 Blackhawk the Chopper (level 4, -3/38 HPs)
             Began as a Ghoul Gladiator on Nov 21, 2019.
             Slain by a bullfrog (6 damage)
             ... on level 3 of the Dungeon.
             The game lasted 00:02:55 (1947 turns).

Blackhawk the Chopper (Ghoul Gladiator)             Turns: 1947, Time: 00:02:55

Health: -3/38      AC:  5    Str: 18    XL:     4   Next: 72%
Magic:  3/3        EV: 12    Int:  3    God:
Gold:   54         SH:  0    Dex: 10    Spells: 3/3 levels left

rFire    + . .     SeeInvis .   a - +0 war axe
rCold    + . .     Gourm    +   (no shield)
rNeg     + + +     Faith    .   b - +0 leather armour
rPois    ∞         Spirit   .   q - +0 helmet
rElec    .         Reflect  .   (no cloak)
rCorr    .         Harm     .   (no gloves)
MR       .....                  h - +0 pair of boots
Stlth    +.........             e - amulet of the gourmand
HPRegen  0.00/turn              l - ring of protection from fire
MPRegen  0.08/turn              (no ring)

@: rotting
A: rotting body, claws 1, carnivore, cold resistance 1, negative energy
resistance 3, inhibited regeneration, torment resistance, unbreathing
a: no special abilities


You were on level 3 of the Dungeon.
You were not hungry.

You visited 1 branch of the dungeon, and saw 3 of its levels.

You collected 54 gold pieces.

Inventory:

Hand Weapons
 a - a +0 war axe (weapon)
Missiles
 d - 3 throwing nets (quivered)
Armour
 b - a +0 leather armour (worn)
 c - a +0 helmet
 h - a +0 pair of boots (worn)
 q - a +0 helmet (worn)
Jewellery
 e - an amulet of the gourmand (around neck)
 i - a +4 amulet of reflection {unknown}
 l - a ring of protection from fire (left claw)
Wands
 o - a wand of paralysis (13)
Scrolls
 m - a scroll of remove curse {unknown}
 n - 4 scrolls of amnesia {unknown}
 p - 2 scrolls of identify {unknown}
 r - a scroll of enchant weapon {unknown}
 t - a scroll of teleportation {unknown}
Potions
 g - a potion of cancellation {unknown}
 j - 3 potions of heal wounds {unknown}
 k - 2 potions of curing {unknown}
 u - a potion of ambrosia {unknown}
Comestibles
 f - 7 rations
 s - 2 chunks of flesh


   Skills:
 + Level 3.2 Fighting
 + Level 3.3 Axes
 + Level 2.5 Throwing
 + Level 3.3 Dodging


You had 3 spell levels left.
You didn't know any spells.
Your spell library was empty.

Dungeon Overview and Level Annotations

Branches:
Dungeon (3/15)

Altars:


Innate Abilities, Weirdness & Mutations

Your body is rotting away.
You thrive on raw meat.
You are immune to poison.
You have sharp fingernails.
You are carnivorous and can eat meat at any time.
Your flesh is cold resistant. (rC+)
You are immune to negative energy. (rN+++)
You do not regenerate when monsters are visible.
You are immune to unholy pain and torment.
You can survive without breathing.


Message History

You hit the orc.
You kill the orc!
The bullfrog snags a nearby millipede with its tongue.
The bullfrog hits you but does no damage.
You hit the bullfrog.
The bullfrog is lightly wounded.
You hit the orc. The bullfrog closely misses you.
The orc hits you with a +0 dagger. The bullfrog hits you.
You closely miss the bullfrog.
The bullfrog is lightly wounded.
You hit the orc. The bullfrog hits you. The orc barely misses you.
The bullfrog hits you but does no damage.
You barely miss the bullfrog.
The bullfrog is lightly wounded.
You barely miss the orc. The bullfrog hits you!
* * * LOW HITPOINT WARNING * * *
The orc hits you with a +0 dagger.
* * * LOW HITPOINT WARNING * * *
The bullfrog hits you.
You die...

..##....................#
..#...........(.........#
..............#...).....#
###...........#.........#
#.[......[..#.........#
#...........#........##
#...........#........#
###..................#
..##########@#.....# ..
#oF#.....# #..g##......#
#....##.......# #$..#
......# .8.#$ ###. .#.#.(
#8.. ##..


You could see a bullfrog, an orc and a goblin.

Vanquished Creatures
  Robin (D:2)
  A gnoll (D:1)
  An adder (D:2)
  An ooze (D:1)
  A worm (D:2)
  An orc (D:3)
  3 bats (D:1)
  4 giant cockroaches (D:2)
  17 goblins
  10 hobgoblins
  5 kobolds
  A quokka (D:3)
  A frilled lizard (D:2)
  7 rats
54 creatures vanquished.

Notes
Turn   | Place    | Note
-------+----------+-------------------------------------------
     0 | D:1      | Blackhawk the Ghoul Gladiator began the quest for the Orb.
     0 | D:1      | Reached XP level 1. HP: 17/17 MP: 0/0
   189 | D:1      | Reached XP level 2. HP: 25/25 MP: 1/1
   265 | D:1      | Reached XP level 3. HP: 15/30 MP: 2/2
  1156 | D:2      | Noticed Robin
  1169 | D:2      | Killed Robin
  1169 | D:2      | Reached XP level 4. HP: 18/38 MP: 3/3
  1936 | D:3      | Noticed a bullfrog
  1947 | D:3      | Slain by a bullfrog

Levels and vault maps discovered:
D:1:      dpeg_arrival_stone_temple_mockup, layout_basic
D:2:      layout_basic, minmay_tetromino_i2, uniq_robin
D:3:      layout_basic, old_standard_altar, guppyfry_early_orc_mine

Skill      XL: |  1  2  3 |
---------------+----------+-----
Throwing       | 2 |  2.5
Axes           | 3 |  3.3
Dodging        | 3 |  3.3
Fighting       | 3 |  3.2

Action                   |  1- 3 |  4- 6 || total
-------------------------+-------+-------++-------
Melee: War axe           |    63 |    56 ||   119
  Eat: Chunk             |     1 |     2 ||     3
Armor: Leather armour    |    32 |    14 ||    46
Dodge: Dodged            |    72 |    38 ||   110

Table legend:
 A = Non-vault XP
 B = Vault XP
 C = Vault XP percentage of total XP
 D = Non-vault monster count
 E = Vault monster count
 F = Vault count percentage of total count
                 A         B        C        D         E       F
            +---------+---------+-------+---------+---------+-------
      Total |      96 |      46 |  32.4 |      38 |      16 |  29.6
            +---------+---------+-------+---------+---------+-------
        D:1 |      47 |       0 |   0.0 |      19 |       0 |   0.0
        D:2 |      43 |      39 |  47.6 |      16 |      13 |  44.8
        D:3 |       6 |       7 |  53.8 |       3 |       3 |  50.0
            +---------+---------+-------+---------+---------+-------
